 Dungeon Crawl Stone Soup version 0.23.1 (webtiles) character file.

Game seed: 1388902061006086366

70 Borgoz the Skirmisher (level 4, 0/38 HPs)
             Began as a Ghoul Monk on Mar 16, 2019.
             Slain by a worm (8 damage)
             ... on level 2 of the Dungeon.
             The game lasted 00:01:54 (1283 turns).

Borgoz the Skirmisher (Ghoul Monk)                  Turns: 1283, Time: 00:01:54

Health: 0/38       AC:  2    Str: 14    XL:     4   Next: 22%
Magic:  3/3        EV: 13    Int:  5    God:
Gold:   72         SH:  0    Dex: 12    Spells: 3/3 levels left

rFire    . . .     SeeInvis .   a - +0 short sword
rCold    + . .     Gourm    .   (no shield)
rNeg     + + +     Faith    .   b - +0 robe
rPois    ∞         Spirit   .   (no helmet)
rElec    .         Reflect  .   (no cloak)
rCorr    .         Harm     .   (no gloves)
MR       .....                  (no boots)
Stlth    ++........             (no amulet)
HPRegen  0.00/turn              (no ring)
MPRegen  0.08/turn              (no ring)

@: rotting
A: rotting body, claws 1, carnivore, cold resistance 1, negative energy
resistance 3, inhibited regeneration, torment resistance, unbreathing
a: no special abilities


You were on level 2 of the Dungeon.
You were not hungry.

You visited 1 branch of the dungeon, and saw 2 of its levels.

You collected 72 gold pieces.

Inventory:

Hand Weapons
 a - a +0 short sword (weapon)
Missiles
 d - 5 tomahawks (quivered)
Armour
 b - a +0 robe (worn)
Scrolls
 e - a scroll of enchant weapon {unknown}
 h - a scroll of remove curse {unknown}
 i - a scroll of teleportation {unknown}
Potions
 g - a potion of curing {unknown}
Comestibles
 c - 3 rations
 f - 2 chunks of flesh


   Skills:
 + Level 3.5 Fighting
 * Level 3.2 Short Blades
 * Level 1.5 Armour
 * Level 3.3 Dodging
 + Level 2.6 Stealth


You had 3 spell levels left.
You didn't know any spells.
Your spell library was empty.

Dungeon Overview and Level Annotations

Branches:
Dungeon (2/15)

Altars:
Fedhas
Hepliaklqana
Qazlal
Vehumet


Innate Abilities, Weirdness & Mutations

Your body is rotting away.
You thrive on raw meat.
You are immune to poison.
You have sharp fingernails.
You are carnivorous and can eat meat at any time.
Your flesh is cold resistant. (rC+)
You are immune to negative energy. (rN+++)
You do not regenerate when monsters are visible.
You are immune to unholy pain and torment.
You can survive without breathing.


Message History

You completely miss the worm.
The worm is moderately wounded.
The worm closely misses you.
You hit the worm.
The worm is moderately wounded.
You hit the worm.
The worm is severely wounded.
The worm bites you!
* * * LOW HITPOINT WARNING * * *
You barely miss the worm.
The worm is heavily wounded.
You hit the worm.
The worm is severely wounded.
The worm misses you.
You barely miss the worm.
The worm is severely wounded.
You hit the worm.
The worm is almost dead.
The worm bites you!
You die...

.# .# .# #
...#. .# #.
.... ..
.######### .##
... ...
.......... ..
..##.##
..######## #.
..#...# #.#
##.#.###.......
#.#
#..(.@w.(._..._
#.#
#.#####........
#.#####
#)....⌠..
......#
#........
#.###.# #
#..._..._
#.###.##
#.#####........
#......#
#.......###....
#####..#
####.##.# ##..
# #..# #.....#
..


You could see a worm.

Vanquished Creatures
  3 adders (D:2)
  An ooze (D:2)
  2 giant cockroaches (D:1)
  3 goblins (D:1)
  11 hobgoblins
  2 jackals (D:1)
  6 kobolds
  3 bats
  3 frilled lizards (D:1)
  A rat (D:2)
35 creatures vanquished.

Notes
Turn   | Place    | Note
-------+----------+-------------------------------------------
     0 | D:1      | Borgoz the Ghoul Monk began the quest for the Orb.
     0 | D:1      | Reached XP level 1. HP: 19/19 MP: 0/0
   220 | D:1      | Reached XP level 2. HP: 25/26 MP: 1/1
   739 | D:1      | Reached skill level 1 in Armour
   739 | D:1      | Reached XP level 3. HP: 26/31 MP: 2/2
  1025 | D:2      | Reached XP level 4. HP: 31/38 MP: 3/3
  1252 | D:2      | Found a radiant altar of Vehumet.
  1253 | D:2      | Found a hazy altar of Hepliaklqana.
  1253 | D:2      | Found a blossoming altar of Fedhas.
  1253 | D:2      | Found a stormy altar of Qazlal.
  1283 | D:2      | Slain by a worm

Skill      XL: |  1  2 |
---------------+-------+-----
Dodging        | 3 |  3.3
Short Blades   | 3 |  3.2
Armour         | 1 |  1.5
Fighting       | |  3.5
Stealth        | |  2.6

Action                   |  1- 3 |  4- 6 || total
-------------------------+-------+-------++-------
Melee: Short sword       |   118 |    39 ||   157
 Stab: Sleeping          |     6 |       ||     6
  Eat: Chunk             |    11 |       ||    11
Armor: Robe              |    24 |     4 ||    28
Dodge: Dodged            |    76 |    24 ||   100
